[Event "Mistrovství Čech mládeže 2023 - HD14"]
[Site "Harrachov, Czech Republic"]
[Date "2023.10.24"]
[Round "5.17"]
[White "Malý, Jiří"]
[Black "Nguyen, Nhat Minh Thu"]
[Result "0-1"]
[TimeControl "90m + 30s"]
[WhiteElo "1490"]
[BlackElo "1238"]

1. e4 e5 2. Nf3 Nc6 3. Bb5 a6 4. Ba4 d6 5. d3 h6 6. h3 Nf6 7. O-O Be7 8. c3 O-O 9. Re1 Bd7 10.
d4 b5 11. Bc2 Re8 12. a3 Nh7 13. Qd3 Ng5 14. Nh2 Bf6 15. f4 exf4 16. Bxf4 Bf5 17. Nd2 Bg6 18. d5 Ne5 19. Qe2 Qd7 20. h4 Nxe4 21. Bxe4 Bxe4 22.
Nxe4 Bxh4 23. Bg3 Bxg3 24. Nxg3 Nc4 25. Qf2 Nb6 26. Qd4 Nc4 27. b3 Ne5 28. Nf3 Nxf3+ 29. gxf3 Qh3 30. Qf2 Qd7 31.
Rxe8+ Rxe8 32. Re1 Rb8 33. Kg2 c6 34. Qd4 c5 35. Qg4 Qd8 36. Nf5 Qf6 37. Re3 a5 38. f4 b4 39. axb4 cxb4 40.
c4 Qb2+ 41. Kh3 Qf6 42. Rg3 g6 43. Nxh6+ Kh7 44. Qg5 Qa1 45. Ng4 Qh1+ 46. Nh2 Kg7 47. Rg1 Rh8+ 48. Kg3 Qxg1+ 49. Kf3 Qxg5 50. fxg5 Rxh2 51. Ke4 a4 52.
c5 dxc5 53. d6 Rd2 54. Ke5 a3 0-1

[Event "Mistrovství Čech mládeže 2023 - HD14"]
[Site "Harrachov, Czech Republic"]
[Date "2023.10.24"]
[Round "5.18"]
[White "Hrdlička, Jan"]
[Black "Mezera, Antonín"]
[Result "1-0"]
[TimeControl "90m + 30s"]
[WhiteElo "1418"]
[BlackElo "1166"]

1. e4 c5 2. Nf3 d6 3. d4 cxd4 4. Nxd4 Nf6 5. Nc3 g6 6. f3 Bg7 7. Be3 Nc6 8. Qd2 a6 9. g4 Be6 10.
Nxe6 fxe6 11. h4 Ne5 12. Be2 Rc8 13. O-O-O b5 14. h5 Rf8 15. hxg6 Nc4 16. Bxc4 Rxc4 17. gxh7 Qa5 18. a3 Nd7 19.
Rdf1 Rh8 20. Kd1 Bxc3 21. bxc3 Qxa3 22. g5 Nf8 23. g6 Nxg6 24. Rfg1 Kf7 25. Qg2 Qxc3 26. Qxg6+ Kf8 27. Qg8+ 1-0

[Event "Mistrovství Čech mládeže 2023 - HD14"]
[Site "Harrachov, Czech Republic"]
[Date "2023.10.25"]
[Round "6.1"]
[White "Topenčík, Bruno"]
[Black "Váňa, Jan"]
[Result "1-0"]
[TimeControl "90m + 30s"]
[WhiteElo "1832"]
[BlackElo "1969"]

1. c4 Nf6 2. Nf3 e6 3. g3 d5 4. Bg2 Be7 5. O-O O-O 6. d4 dxc4 7. Ne5 Nc6 8. Nxc6 bxc6 9. Na3 Bxa3 10.
bxa3 Nd5 11. Qa4 Nb6 12. Qa5 Rb8 13. Bf4 Nd5 14. Rab1 Rxb1 15. Rxb1 Nxf4 16. gxf4 Qxd4 17. Rc1 Qxf4 18.
e3 Qd6 19. Rxc4 Qd1+ 20. Bf1 e5 21. Qa4 Rd8 22. Qxd1 Rxd1 23. Rb4 Rd8 24. Rb8 Rf8 25. Ra8 Be6 26. Rxa7 g6 27. a4 Bxa2 28.
a5 c5 29. Rxc7 Ra8 30. Rxc5 e4 31. a6 Ra7 32. Rb5 Kg7 33. Rb7 Ra8 34. Bb5 Kf6 35.
Rb6+ Ke5 36. Bc6 Ra7 37. Bb7 Bc4 38. Kg2 f5 39. Kg3 g5 40. h4 h6 41. Rxh6 gxh4+ 42. Kxh4 Bd5 43. Rb6 Bc4 44.
Kg5 Bd3 45. Kg6 Bc4 46. Rc6 Bd3 47. Kf7 f4 48. Rc5+ Kd6 49. Rd5+ Kc7 50. exf4 Bxa6 51. Bxa6 Rxa6 52. Rd4 Ra2 53.
Rxe4 Rxf2 54. Kf6 Kd8 55. f5 Rg2 56. Kf7 Kd7 57. Rd4+ Kc7 58. f6 Rf2 59. Ke7 Re2 60. Kf8 Rf2 61.
f7 Rf1 62. Ke7 Re1 63. Kf6 Rf1+ 64. Ke6 Kc8 65. Rd5 Rf2 66. Rf5 Re2+ 67. Kf6 Re8 68. fxe8=Q+ 1-0

[Event "Mistrovství Čech mládeže 2023 - HD14"]
[Site "Harrachov, Czech Republic"]
[Date "2023.10.25"]
[Round "6.2"]
[White "Švadlenka, Dominik"]
[Black "Švadlenka, Michal"]
[Result "1/2-1/2"]
[TimeControl "90m + 30s"]
[WhiteElo "1710"]
[BlackElo "1651"]

1. c4 c5 2. Nc3 Nc6 3. Nf3 Nd4 4. e3 Nxf3+ 5. Qxf3 g6 6. b3 Bg7 7. Bb2 Nf6 8. g3 d6 9. Nd5 e5 10.
Nxf6+ Qxf6 11. Qxf6 Bxf6 12. Bg2 Rb8 13. O-O-O Ke7 14. Bd5 Be6 1/2-1/2

[Event "Mistrovství Čech mládeže 2023 - HD14"]
[Site "Harrachov, Czech Republic"]
[Date "2023.10.25"]
[Round "6.3"]
[White "Jakubše, Tamae Severína"]
[Black "Křivka, Matěj"]
[Result "1/2-1/2"]
[TimeControl "90m + 30s"]
[WhiteElo "1627"]
[BlackElo "1665"]

1. e4 c5 2. c3 Nf6 3. e5 Nd5 4. Nf3 Nc6 5. Bc4 Nb6 6. Bb3 d5 7. exd6 Qxd6 8. O-O Be6 9. Bxe6 Qxe6 10.
d4 cxd4 11. Nxd4 Nxd4 12. Qxd4 Rd8 13. Qb4 Qd7 14. Nd2 e6 15. Qa5 Qd5 16. Qxa7 Bc5 17. c4 Nxc4 18. Qa4+ Rd7 19. Qxc4 Qc6 20.
Qg4 f5 21. Qh5+ g6 22. Qh3 O-O 23. Qf3 Qc7 24. Nb3 Bd6 25. h3 e5 26. Bh6 Rff7 27. Rac1 Qd8 28. Rfd1 e4 29. Qe3 Bh2+ 30.
Kxh2 Rxd1 31. Rxd1 Qxd1 32. Qd2 Qxd2 33. Nxd2 Rc7 34. b3 Rc2 35. a4 Kf7 36. Kg3 Kf6 37. h4 Rc3+ 38. Be3 Ke5 39.
Nc4+ Kd5 40. Na5 Ke5 41. Nc4+ Kd5 42. Na5 1/2-1/2

[Event "Mistrovství Čech mládeže 2023 - HD14"]
[Site "Harrachov, Czech Republic"]
[Date "2023.10.25"]
[Round "6.4"]
[White "Roubal, Matyáš"]
[Black "Migalko, Dmitriy"]
[Result "1/2-1/2"]
[TimeControl "90m + 30s"]
[WhiteElo "1884"]
[BlackElo "1842"]

1. e4 c6 2. Nc3 d5 3. Nf3 g6 4. exd5 cxd5 5. Ne5 Nc6 6. Bb5 Bd7 7. Nxd7 Qxd7 8. d4 Bg7 9. Be3 e6 10.
Na4 Qc7 11. c3 b6 12. O-O Nge7 13. Qd2 O-O 14. Bh6 Nf5 15. Bxg7 Kxg7 16. b3 Nd6 17. Bd3 Na5 18. Nb2 Rac8 19.
Rac1 b5 20. Qe2 Qb6 21. Qe5+ Kg8 22. Rc2 Rc6 23. Rfc1 Rfc8 24. h4 Qb8 25. h5 Ne8 26. Qxb8 Rxb8 27. hxg6 hxg6 28. c4 bxc4 29. bxc4 dxc4 30. Nxc4 Nxc4 31. Rxc4 Rxc4 32. Rxc4 Kg7 33.
Ra4 Rb7 34. Be4 Rc7 35. d5 exd5 36. Bxd5 Nf6 37. Bb3 Nd7 38. Kf1 f6 39. Rd4 g5 40. Ke2 Kg6 41. Ke3 Ne5 42. f4 gxf4+ 43. Kxf4 Rc5 44. Ra4 a5 45. Rd4 Rb5 46. Ke4 Kg5 47. Ke3 Rb7 48. Rd5 a4 49. Bxa4 Rb2 50. Bd1 Rxa2 51. Bf3 1/2-1/2

[Event "Mistrovství Čech mládeže 2023 - HD14"]
[Site "Harrachov, Czech Republic"]
[Date "2023.10.25"]
[Round "6.5"]
[White "Kravchenko, Andrey"]
[Black "Mikulka, Martin Michael"]
[Result "1/2-1/2"]
[TimeControl "90m + 30s"]
[WhiteElo "1541"]
[BlackElo "1826"]

1. c4 e6 2. g3 d5 3. Bg2 Nf6 4.
d4 dxc4 5. Qa4+ Nbd7 6. Qxc4 c5 7. dxc5 Bxc5 8. Nf3 O-O 9. O-O Qe7 10. Nc3 Nb6 11. Qb3 h6 12. Rd1 Nbd5 13. e3 Nxc3 14.
Qxc3 Nd5 15. Qb3 Rd8 16. Bd2 Bd7 17. Bc3 Nxc3 18. Qxc3 Bc6 19. Ne5 Bxg2 20. Kxg2 Rac8 21. Qb3 Qc7 22.
Rxd8+ Rxd8 23. Nf3 Be7 24. Rd1 Rxd1 25. Qxd1 a6 26. Qb3 Bf6 27. Qb4 Qc6 28. b3 b6 29. Qd2 g5 30. g4 h5 31.
h3 hxg4 32. hxg4 Qe4 33. Kg3 1/2-1/2

[Event "Mistrovství Čech mládeže 2023 - HD14"]
[Site "Harrachov, Czech Republic"]
[Date "2023.10.25"]
[Round "6.6"]
[White "Bělaška, Václav"]
[Black "Tejnor, Martin"]
[Result "1-0"]
[TimeControl "90m + 30s"]
[WhiteElo "1666"]
[BlackElo "1418"]

1. e4 c5 2. Nf3 d6 3. d4 cxd4 4.
Qxd4 a6 5. c4 Nc6 6. Qd3 e6 7. Nc3 Be7 8. Be2 Nf6 9. Bg5 O-O 10. O-O Qc7 11. Rfd1 Rd8 12. Nd4 Ne5 13. Qg3 b6 14.
f4 Ned7 15. Bf3 Bb7 16. e5 dxe5 17. fxe5 Bxf3 18. Nxf3 Nh5 19. Qg4 Bxg5 20. Qxg5 g6 21. g4 Ng7 22. Rd4 Nc5 23. Rad1 Rxd4 24.
Rxd4 Ne8 25. b4 Nd7 26. Ne4 h6 27. Qe7 Nxe5 28. Nf6+ Nxf6 29. Qxc7 Nxf3+ 30. Kg2 Nxd4 31. Qe5 Nxg4 32.
Qxd4 h5 33. h3 Nh6 34. Qxb6 e5 35. c5 Nf5 36. c6 Re8 37. Qc5 e4 38. c7 Rc8 39. Kf2 e3+ 40. Ke2 f6 41. Qd5+ Kf8 42.
Qd8+ 1-0

[Event "Mistrovství Čech mládeže 2023 - HD14"]
[Site "Harrachov, Czech Republic"]
[Date "2023.10.25"]
[Round "6.7"]
[White "Chernyy, Andrey"]
[Black "Kammová, Kateřina"]
[Result "1/2-1/2"]
[TimeControl "90m + 30s"]
[WhiteElo "1655"]
[BlackElo "1543"]

1. e4 c6 2. d4 d5 3. e5 Bf5 4. h4 Qb6 5. Nf3 e6 6. Bd3 Ne7 7. b3 Nd7 8. O-O c5 9. c3 Rc8 10.
Bg5 Bxd3 11. Qxd3 Nc6 12. Be3 Be7 13. Re1 O-O 14. Ng5 Bxg5 15. hxg5 cxd4 16. Bxd4 Nxd4 17. cxd4 Rfe8 18. Nc3 a6 19. Ne2 Nf8 20.
Rec1 Ng6 21. g3 Qd8 22. Rxc8 Qxc8 23.
Rc1 Qd8 24. f4 Ne7 25. Kg2 Qa5 26. Rh1 h6 27. gxh6 g6 28. Ra1 1/2-1/2

[Event "Mistrovství Čech mládeže 2023 - HD14"]
[Site "Harrachov, Czech Republic"]
[Date "2023.10.25"]
[Round "6.8"]
[White "Bělaška, Adam"]
[Black "Ježek, Jakub"]
[Result "1/2-1/2"]
[TimeControl "90m + 30s"]
[WhiteElo "1503"]
[BlackElo "1642"]

1. d4 d5 2. c4 e6 3. Nf3 Nf6 4. Bg5 Nbd7 5. Nc3 c6 6. e3 Qa5 7. Bxf6 Nxf6 8. a3 dxc4 9. Bxc4 Bd6 10.
O-O O-O 11. Qc2 Rd8 12. Rad1 b5 13. Ba2 Ba6 14. Rfe1 b4 15. axb4 Bxb4 16. Ne5 Rac8 17. Ra1 Qb6 18. Qb3 Nd5 19.
Rec1 c5 20. Na4 Qd6 1/2-1/2

[Event "Mistrovství Čech mládeže 2023 - HD14"]
[Site "Harrachov, Czech Republic"]
[Date "2023.10.25"]
[Round "6.9"]
[White "Seidl, Václav"]
[Black "Bludský, Hynek"]
[Result "1/2-1/2"]
[TimeControl "90m + 30s"]
[WhiteElo "1478"]
[BlackElo "1547"]

1. e4 c5 2. Nf3 Nc6 3. Bb5 g6 4. Bxc6 bxc6 5. d3 Bg7 6. O-O e5 7. Be3 d6 8. Nbd2 Ne7 9. Nc4 O-O 10.
h3 f5 11. Bd2 f4 12. Bc3 h6 13.
b3 g5 14. Ne1 Kh7 15. f3 Be6 16. Nd2 d5 17. Bb2 d4 18. Nc4 Rb8 19. a4 Ng6 20. Ba3 Qe7 21. Qd2 Rf7 22. Qa5 Bf8 23.
Rf2 Qc7 24. Qd2 Rg7 25. Kf1 h5 26. Ke2 g4 27. hxg4 hxg4 28. Kd1 g3 29. Rf1 Kg8 30. Kc1 Rh7 31. Kb2 Kf7 32. Rg1 Kf6 33.
Qe2 Be7 34. Rd1 Nf8 35. Qf1 Nd7 36. Rh1 Rbh8 37. Rxh7 Rxh7 38. Rd2 Rh8 39. Qe2 Nb6 40. Ka2 Qb8 41. Qd1 Rh1 42. Re2 Qh8 43.
Qd2 Qb8 44. Qd1 Nd7 45. Qd2 Bd8 46. Qd1 Bxc4 47. dxc4 Ba5 48. Bc1 Rf1 49. Bd2 Qb6 50. Qc1 Bxd2 51. Qxd2 Qb4 52. Nd3 Qxd2 53.
Rxd2 Ke6 54. Kb2 Kd6 55. c3 a5 56. Kc2 Nf8 57. Re2 Ng6 58. Kd2 Ra1 59. Kc2 Nf8 60. cxd4 cxd4 61. Nc1 d3+ 62.
Nxd3 Ne6 63. Rd2 Rg1 64. Nxf4+ Nd4+ 65. Kb2 c5 66. Nh3 Re1 67. Kc3 Re3+ 68. Rd3 Re2 69. Rd2 Re3+ 70. Rd3 Re2 71.
Rd2 1/2-1/2

[Event "Mistrovství Čech mládeže 2023 - HD14"]
[Site "Harrachov, Czech Republic"]
[Date "2023.10.25"]
[Round "6.10"]
[White "Hrdlička, Jan"]
[Black "Krautschneider, Daniel Jan"]
[Result "1-0"]
[TimeControl "90m + 30s"]
[WhiteElo "1418"]
[BlackElo "1669"]

1. e4 c5 2. Nf3 Nc6 3. d4 cxd4 4. Nxd4 g6 5. Nc3 Bg7 6. Be3 Nf6 7. Bc4 O-O 8. Bb3 a6 9. f3 d6 10.
Qd2 Bd7 11. O-O-O b5 12. Kb1 Nxd4 13. Bxd4 a5 14. Nd5 e5 15. Nxf6+ Bxf6 16. Be3 Be7 17. g4 Bc6 18. h4 a4 19.
Bd5 Bxd5 20. exd5 Rb8 21. h5 g5 22. h6 b4 23. Rh5 f6 24. Rhh1 Qd7 25. Qd3 Rfc8 26. Rc1 Bd8 27. Rhf1 Bb6 28.
Bxb6 Rxb6 29. c3 bxc3 30. Rxc3 Rcb8 31. Rf2 Qb7 32. Rcc2 Rb5 33. Rfd2 Qd7 34. Rc3 Rb4 35. Rc4 Qb5 36.
Rxb4 Qxd3+ 37. Rxd3 Rxb4 38. Rc3 Kf7 39. Rc6 Rd4 40. Rxd6 Rd3 41. Ra6 Rxf3 42. Rxa4 Rd3 43. Ra5 Rd4 44.
Kc2 e4 45. Kc3 e3 46. Ra7+ Ke8 47. Kxd4 e2 48. d6 1-0

[Event "Mistrovství Čech mládeže 2023 - HD14"]
[Site "Harrachov, Czech Republic"]
[Date "2023.10.25"]
[Round "6.11"]
[White "Jun, Rostislav"]
[Black "Slívová, Linda"]
[Result "0-1"]
[TimeControl "90m + 30s"]
[WhiteElo "1360"]
[BlackElo "1624"]

1. e4 c6 2. d4 d5 3. exd5 cxd5 4. c4 Nf6 5. Nc3 Nc6 6. Nf3 Bg4 7. cxd5 Nxd5 8. Be3 Nxe3 9. fxe3 e6 10. Be2 Bd6 11. O-O O-O 12.
Ne4 Bc7 13. Nc5 b6 14. Nd3 Rc8 15. Rc1 Bb8 16. h3 Bf5 17. Qe1 Ne7 18. Rxc8 Qxc8 19. Qd2 Be4 20. Rc1 Qb7 21. a4 Nf5 22.
b4 Qd5 23. Nf2 Ng3 24. Nxe4 Nxe4 25. Qc2 Bg3 26. Bd3 Bf2+ 27. Kf1 f5 28. Bxe4 fxe4 29. Kxf2 exf3 30. g3 Kh8 31. Qc4 Qf5 32.
Rh1 e5 33. dxe5 Qxe5 34. Qd4 Qc7 35. Qd2 Rd8 36. Qc1 Qf7 37. Qc2 Qe7 38. Qc3 Qd7 39. b5 Qf5 40. g4 Qg5 41. Qe1 Qf6 42.
Qc1 Qh4+ 43. Kxf3 Rf8+ 44. Ke4 Qf2 45. Qc6 Qf3+ 46. Kd3 Rd8+ 47. Kc2 Qe2+ 48. Kb1 Qxe3 49. Qc2 Qd4 50. Re1 Qb4+ 0-1

[Event "Mistrovství Čech mládeže 2023 - HD14"]
[Site "Harrachov, Czech Republic"]
[Date "2023.10.25"]
[Round "6.12"]
[White "Pogorelskiy, Boris"]
[Black "Ocelák, Lukáš"]
[Result "1-0"]
[TimeControl "90m + 30s"]
[WhiteElo "1541"]
[BlackElo "1342"]

1. e4 c6 2. d4 d5 3. exd5 cxd5 4. Bd3 Nc6 5. c3 g6 6. Bf4 Nh6 7. Nf3 f6 8. O-O Nf7 9. Re1 Bg7 10.
Nbd2 O-O 11. Bb5 Bd7 12. Nb3 b6 13. a4 a5 14. Qe2 Re8 15. Bxc6 Bxc6 16. Qe6 Qd7 17. Nbd2 Qxe6 18. Rxe6 Nd8 19.
Re2 Nf7 20. Bc7 b5 21. Nb3 bxa4 22. Nc5 e5 23. dxe5 Nxe5 24. Nxe5 fxe5 25. Nxa4 d4 26. Nc5 dxc3 27. bxc3 e4 28.
Rxa5 Bxc3 29. Rxa8 Rxa8 30. h3 Re8 31. Kh2 Be5+ 32. Bxe5 Rxe5 33. Nb3 Re8 34. Kg3 Kf7 35. Kf4 Kf6 36.
Nc5 Re5 37. Nxe4+ Bxe4 38. Rxe4 Ra5 39. h4 Rb5 40. g4 Ra5 41. Rb4 Ra6 42. g5+ Ke6 43.
Rb7 Ra4+ 44. Kg3 Ra3+ 45. Kg4 Ra4+ 46. f4 Ra1 47. Rxh7 Rg1+ 48. Kf3 Rf1+ 49. Kg3 Rg1+ 50. Kf2 Ra1 51.
Rg7 Ra2+ 52. Kg3 Kf5 53. Rf7+ Ke6 54. Rf6+ Ke7 55. Rxg6 Ra3+ 56. Kg4 1-0

[Event "Mistrovství Čech mládeže 2023 - HD14"]
[Site "Harrachov, Czech Republic"]
[Date "2023.10.25"]
[Round "6.13"]
[White "Nguyen, Nhat Minh Thu"]
[Black "Chon, Jeremy"]
[Result "0-1"]
[TimeControl "90m + 30s"]
[WhiteElo "1238"]
[BlackElo "1538"]

1. e4 c5 2. Nf3 g6 3. d4 cxd4 4.
Nxd4 Bg7 5. Nc3 Nc6 6. Be3 Nf6 7.
Qd2 O-O 8. h3 d5 9. Nxc6 bxc6 10. O-O-O e6 11. Bg5 Qc7 12.
e5 Nd7 13. Be7 Qxe5 14. Bxf8 Kxf8 15. f4 Qc7 16. g3 Qa5 17. a3 Rb8 18. Qe3 Nc5 19. Bg2 Ba6 20. Rhe1 Rxb2 21.
Nxd5 Nb3+ 22. cxb3 Qxa3 0-1

[Event "Mistrovství Čech mládeže 2023 - HD14"]
[Site "Harrachov, Czech Republic"]
[Date "2023.10.25"]
[Round "6.14"]
[White "Stefaniv, Vladislav"]
[Black "Jančík, Vojtěch"]
[Result "1-0"]
[TimeControl "90m + 30s"]
[WhiteElo "1566"]
[BlackElo "1219"]

1. d4 d5 2. c4 e6 3. Nf3 f5 4. e3 c6 5. Bd3 Nf6 6. O-O Bd6 7. Qc2 O-O 8. Nbd2 Ne4 9. b3 g5 10.
Bb2 h5 11. Ne5 Bxe5 12. dxe5 g4 13. Bxe4 fxe4 14. Rfd1 Nd7 15. Ba3 Rf5 16. Bd6 Nxe5 17. Bxe5 Rxe5 18. Nxe4 Qe7 19. Ng3 Rg5 20.
Nxh5 Qf7 21. Ng3 Bd7 22. Rd2 Qf6 23. Rad1 Kf7 24. Ne4 dxe4 25. Rxd7+ Kf8 26. Qxe4 a5 27. Qd4 Qg6 28. Qh8+ 1-0

[Event "Mistrovství Čech mládeže 2023 - HD14"]
[Site "Harrachov, Czech Republic"]
[Date "2023.10.25"]
[Round "6.15"]
[White "Stibor, Ondřej"]
[Black "Sboev, Kirill"]
[Result "1-0"]
[TimeControl "90m + 30s"]
[WhiteElo "1170"]
[BlackElo "1556"]

1. e4 e5 2. Nf3 Nc6 3. d4 exd4 4. Bc4 Nf6 5. O-O Nxe4 6. Re1 d5 7. Bxd5 Qxd5 8. Nc3 Qa5 9. Nxe4 Be6 10.
Neg5 O-O-O 11. Nxe6 fxe6 12. Rxe6 Bd6 13. Bd2 Qh5 14. h3 h6 15. Qe2 Rhe8 16. Re1 Rxe6 17. Qxe6+ Kb8 18. Bc1 a6 19.
a3 Be7 20. Ne5 Nxe5 21. Rxe5 Bg5 22. Bxg5 hxg5 23. Qe7 Rd6 24. Rc5 Rc6 25. Qd8+ Ka7 26. Qxd4 Rxc5 27. Qxc5+ Kb8 28. Qf8+ Ka7 29. Qxg7 Qd1+ 30. Kh2 Qd6+ 31. g3 Qd2 32. Qf6 Qxc2 33. h4 gxh4 34. gxh4 Qe4 35. Kg3 Qd3+ 36. Kg4 Qe4+ 37. Kg5 Qg2+ 38.
Kh6 Qe4 39. f4 Qd5 40. f5 Qd2+ 41. Kg7 Qd7 42. Kf8 Qh7 43. Qd4+ b6 44. f6 Qh8+ 45. Ke7 a5 46. Qf4 1-0

[Event "Mistrovství Čech mládeže 2023 - HD14"]
[Site "Harrachov, Czech Republic"]
[Date "2023.10.25"]
[Round "6.16"]
[White "Ugrenovich, Jaroslav"]
[Black "Holeš, Vojta"]
[Result "1/2-1/2"]
[TimeControl "90m + 30s"]
[WhiteElo "1277"]
[BlackElo "1440"]

1. e4 c5 2. Nf3 d6 3. d4 cxd4 4. Nxd4 Nf6 5. Nc3 e6 6. Be2 a6 7. g4 Be7 8. Rg1 b5 9. a3 Bb7 10.
Qd3 Nbd7 11. Nb3 Nc5 12. Nxc5 dxc5 13. e5 Nd5 14. Nxd5 Qxd5 15. Qxd5 Bxd5 16. Be3 O-O 17. f4 c4 18.
Bf1 Rfd8 19. Bg2 Bxg2 20. Rxg2 Rd5 21. Rd2 Rad8 22. Rad1 Rxd2 23. Rxd2 Rxd2 24. Bxd2 Kf8 25. Bb4 Bxb4+ 26. axb4 Ke7 27. Ke2 Kd7 28. Ke3 g6 29. Kd4 Kc6 1/2-1/2

[Event "Mistrovství Čech mládeže 2023 - HD14"]
[Site "Harrachov, Czech Republic"]
[Date "2023.10.25"]
[Round "6.17"]
[White "Petrášek, Jiří"]
[Black "Ausperger, Vít"]
[Result "1-0"]
[TimeControl "90m + 30s"]
[WhiteElo "1423"]
[BlackElo "1302"]

1. e4 e5 2. Nf3 Nc6 3. Bc4 Nf6 4. d3 Bc5 5. Nc3 d6 6. h3 O-O 7. Bg5 Be6 8. Nd5 Bxd5 9. Bxd5 Rb8 10.
O-O Nb4 11. Bb3 Re8 12. c3 Nc6 13. Re1 Qe7 14. Nh4 h6 15. Nf5 Qd8 16. Bh4 Kh7 17. Qf3 g5 18. Bg3 Rf8 19. Qe2 Ne7 20.
Nxe7 Qxe7 21. Qf3 Kg7 22. d4 exd4 23. e5 Nd7 24. exd6 Qf6 25. dxc7 Rbc8 26. Qxb7 h5 27. Re2 h4 28.
Bh2 d3 29. Rd2 Rfe8 30. Qf3 Qxf3 31. gxf3 Re2 32. Rxe2 dxe2 33. Re1 Bb6 34. Rxe2 Bxc7 35. Bxc7 Rxc7 36. Re7 Rb7 37. Rxf7+ Kg6 38.
Re7 Kf6 39. Re6+ Kf5 40. Rh6 Nf6 41. Bc2+ Ke5 42. Rg6 Rxb2 43. Rxg5+ Kf4 44. Rf5# 1-0

[Event "Mistrovství Čech mládeže 2023 - HD14"]
[Site "Harrachov, Czech Republic"]
[Date "2023.10.26"]
[Round "7.1"]
[White "Váňa, Jan"]
[Black "Roubal, Matyáš"]
[Result "1/2-1/2"]
[TimeControl "90m + 30s"]
[WhiteElo "1969"]
[BlackElo "1884"]

1. d4 Nf6 2. Nc3 c5 3. Nf3 a6 4. e4 cxd4 5. Nxd4 d6 6. Bc4 e6 7. Bb3 Be7 8. Be3 b5 9. Qf3 Qc7 10.
g4 b4 11. Nce2 Nfd7 12. Qxf7+ Kxf7 13. Nxe6 Qa5 14. Nc7+ Kf8 15. Ne6+ Ke8 16. Nxg7+ Kd8 17. Ne6+ Ke8 18. Ng7+ Kf8 19.
Ne6+ Kf7 20. Nc7+ Kg7 21. Ne6+ Kf7 1/2-1/2

[Event "Mistrovství Čech mládeže 2023 - HD14"]
[Site "Harrachov, Czech Republic"]
[Date "2023.10.26"]
[Round "7.2"]
[White "Švadlenka, Dominik"]
[Black "Topenčík, Bruno"]
[Result "1/2-1/2"]
[TimeControl "90m + 30s"]
[WhiteElo "1710"]
[BlackElo "1832"]

1. d4 d5 2. c4 e6 3. Nc3 Bb4 4.
Nf3 dxc4 5. a4 c6 6. e3 b5 7. Bd2 a5 8. Be2 Bb7 9. O-O Bxc3 10. bxc3 Nd7 11. Qb1 Ba6 12. Qa2 Nb6 13.
axb5 Bxb5 14. Ne5 Nf6 15. f3 O-O 16. Rfb1 Nfd7 17. Nxc4 Nxc4 18. Bxc4 Bxc4 19. Qxc4 Qc7 20. Be1 Rfb8 21.
Bg3 Rxb1+ 22. Rxb1 Qc8 23. h3 h6 24. e4 Qa6 25. Qxa6 Rxa6 26. Kf2 Kf8 27. Ke2 Ke7 28. Bc7 Ra7 29.
Bf4 Kd8 30. Kd3 Kc8 31. c4 Rb7 32. Rxb7 Kxb7 33. c5 a4 34. Kc4 a3 35. Kb3 Ka6 36. Kxa3 Kb5 37. Kb3 f6 38. Kc3 e5 39.
dxe5 fxe5 40. Be3 Nxc5 41. Bf2 Nd7 42. h4 Ka6 43. Kc4 Kb7 44. g3 Kc7 45. Be1 Kd6 46. Bc3 Ke6 47. Bb4 Kf6 48.
Ba5 Ke6 49. Bc7 Kf6 50. f4 h5 51. Kd3 g6 52. Ke3 Ke6 53. Kd3 Nc5+ 54. Ke3 Nd7 55. Ke2 Kf6 56. Kf3 Ke6 57. Ke3 Kf6 58.
Ba5 Ke6 59. Bb4 Kf6 60. Kd3 Ke6 61. Ba3 Kf6 62. Kc4 Ke6 63. Bb2 Kf6 64. fxe5+ Nxe5+ 65. Kc5 Ke6 66. Bc3 Nd3+ 67. Kd4 Ne5 68.
Ba5 Nd7 69. Bc7 Nf6 70. Bf4 Nd7 71. Bg5 Ne5 72. Bf4 Nd7 73. Bh6 Ne5 1/2-1/2

[Event "Mistrovství Čech mládeže 2023 - HD14"]
[Site "Harrachov, Czech Republic"]
[Date "2023.10.26"]
[Round "7.3"]
[White "Křivka, Matěj"]
[Black "Bělaška, Václav"]
[Result "1/2-1/2"]
[TimeControl "90m + 30s"]
[WhiteElo "1665"]
[BlackElo "1666"]

1. e4 d5 2. exd5 Nf6 3. d4 Bg4 4. Bb5+ c6 5. dxc6 Nxc6 6. Nf3 e6 7. O-O Qc7 8. c4 O-O-O 9. Bxc6 Qxc6 10.
Ne5 Bxd1 11. Nxc6 bxc6 12. Rxd1 e5 13. Be3 Bc5 14. Nd2 Bxd4 15. Bxd4 Rxd4 16. Nf3 Rxd1+ 17. Rxd1 Re8 18. Re1 1/2-1/2

[Event "Mistrovství Čech mládeže 2023 - HD14"]
[Site "Harrachov, Czech Republic"]
[Date "2023.10.26"]
[Round "7.4"]
[White "Švadlenka, Michal"]
[Black "Jakubše, Tamae Severína"]
[Result "1-0"]
[TimeControl "90m + 30s"]
[WhiteElo "1651"]
[BlackElo "1627"]

1. e4 e5 2. Nf3 Nc6 3. Bb5 f5 4.
Nc3 fxe4 5. Nxe4 Nf6 6. Nxf6+ Qxf6 7. Qe2 Bd6 8. d4 O-O 9. Bxc6 bxc6 10. dxe5 Bxe5 11. Qxe5 Qxe5+ 12. Nxe5 Re8 13.
Bf4 d6 14. O-O-O dxe5 15. Rde1 e4 16. Bxc7 Bf5 17. Re3 Bg6 18. Rd1 Rf8 19. Rd2 Rf5 20. c4 a5 21. b3 a4 22. b4 Rf7 23.
Bb6 Rb7 24. Bc5 Re8 25. Kb2 Re5 26. Ka3 h6 27. Kxa4 Bf7 28. Rd4 Rf5 29. Rexe4 Bg6 30. Re2 Rbf7 31. f3 Rf4 32. Kb3 Rxd4 33.
Bxd4 Rf4 34. Be5 Rf7 35. Rd2 Re7 36. f4 Rb7 37. a4 Kf7 38. b5 Ke8 39. Kb4 Bf7 40. a5 cxb5 41. cxb5 Be6 42.
Kc5 Bd7 43. b6 1-0

[Event "Mistrovství Čech mládeže 2023 - HD14"]
[Site "Harrachov, Czech Republic"]
[Date "2023.10.26"]
[Round "7.5"]
[White "Migalko, Dmitriy"]
[Black "Kravchenko, Andrey"]
[Result "1/2-1/2"]
[TimeControl "90m + 30s"]
[WhiteElo "1842"]
[BlackElo "1541"]

1. e4 c5 2. Nf3 Nc6 3. Bb5 e6 4. O-O Nf6 5. Re1 Be7 6. c3 O-O 7. e5 Nd5 8. Bxc6 dxc6 9. d4 cxd4 10.
Qxd4 Qb6 11. Qxb6 axb6 12. Bg5 Bxg5 13. Nxg5 Rd8 14. Rd1 Bd7 15. Na3 b5 16. c4 Nb6 17. cxb5 cxb5 18. Ne4 Nc4 19.
Nxc4 bxc4 20. Nd6 Bc6 21. Rd4 Bd5 22. a3 Kf8 23. Rc1 Ke7 24. Nxc4 Rac8 25. f4 b5 26. b3 bxc4 27. bxc4 Bc6 28.
Rxd8 Rxd8 29. Rc2 Ra8 30. Rc3 f6 31. exf6+ Kxf6 32. g4 g5 33. fxg5+ Kxg5 34. Re3 Kf6 35. Kf2 Ra4 36. Rc3 Kg5 37.
Kg3 h5 38. gxh5 Kxh5 39. Re3 Rxc4 40. Re5+ Kg6 41. Rxe6+ Kf5 42. Rd6 Rg4+ 43. Kf2 Rg2+ 44. Ke3 Rxh2 45. Rxc6 Rh3+ 1/2-1/2

[Event "Mistrovství Čech mládeže 2023 - HD14"]
[Site "Harrachov, Czech Republic"]
[Date "2023.10.26"]
[Round "7.6"]
[White "Mikulka, Martin Michael"]
[Black "Pogorelskiy, Boris"]
[Result "0-1"]
[TimeControl "90m + 30s"]
[WhiteElo "1826"]
[BlackElo "1541"]

1. e4 c5 2. Nf3 e6 3. d4 cxd4 4. Nxd4 Nf6 5. Nc3 Nc6 6. Nxc6 bxc6 7. Bd3 Qc7 8. O-O Be7 9. f4 a5 10.
Kh1 Ba6 11. e5 Nd5 12. Ne4 f5 13. exf6 Nxf6 14. Nxf6+ Bxf6 15. Bxa6 Rxa6 16. Qe2 Ra8 17. f5 O-O 18. fxe6 Rfe8 19.
Rxf6 gxf6 20. Qg4+ Kh8 21. Bf4 d6 22. Rd1 Rad8 23. Qf5 Qe7 24. Qxa5 Qxe6 25. Qc3 d5 26. h3 d4 27. Rxd4 Qe1+ 28.
Kh2 Qxc3 29. bxc3 Rxd4 30. cxd4 Re4 31. Bc1 Rxd4 32. Bb2 Rd6 33. a4 Kg7 34. a5 Rd5 35. Bc3 Rc5 36. Bd4 Rxa5 37. c3 Ra4 38. Be3 Rc4 39.
Bd2 Re4 40. Bc1 Re2 41. Ba3 Re3 42. Bb4 Rd3 43. Kg1 Kg6 44. Kf2 c5 45. Bxc5 Rxc3 46. Bd6 h5 47. h4 Kf5 48. g3 Kg4 49.
Bb8 f5 50. Bf4 Rc2+ 51. Kg1 Kf3 52. Kh1 Rg2 53. Bc7 Rxg3 54. Kh2 Rg4 55. Bd8 Ke2 56. Be7 f4 57. Bf6 f3 58. Bg5 f2 0-1

[Event "Mistrovství Čech mládeže 2023 - HD14"]
[Site "Harrachov, Czech Republic"]
[Date "2023.10.26"]
[Round "7.7"]
[White "Chon, Jeremy"]
[Black "Chernyy, Andrey"]
[Result "1/2-1/2"]
[TimeControl "90m + 30s"]
[WhiteElo "1538"]
[BlackElo "1655"]

1. Nf3 d5 2. d4 Nf6 3. Bf4 c5 4.
e3 Nc6 5. c3 Qb6 6. Qb3 c4 7. Qxb6 axb6 8. Na3 Na7 9. h3 Bf5 10. Kd1 Ne4 11. Bg3 e6 12. Nc2 g5 13. Nd2 Nxg3 14.
fxg3 h5 15. e4 Bxe4 16. Nxe4 dxe4 17. Bxc4 Ke7 18. Ke2 Nc8 19. Bb3 Nd6 20. Ne3 f5 21.
Rhf1 Bh6 22. Nc4 Nxc4 23. Bxc4 Rac8 24. Bb3 f4 25. Rad1 Rhd8 26. Bc2 e3 27.
gxf4 1/2-1/2

[Event "Mistrovství Čech mládeže 2023 - HD14"]
[Site "Harrachov, Czech Republic"]
[Date "2023.10.26"]
[Round "7.8"]
[White "Ježek, Jakub"]
[Black "Seidl, Václav"]
[Result "1-0"]
[TimeControl "90m + 30s"]
[WhiteElo "1642"]
[BlackElo "1478"]

1. d4 d5 2. c4 e6 3. Nc3 Nf6 4.
Nf3 Be7 5. g3 O-O 6. Bg2 b6 7. O-O Bb7 8. Ne5 Nbd7 9. Bf4 Qc8 10. cxd5 Nxd5 11. Nxd5 exd5 12. Rc1 Nxe5 13. Bxe5 Bd8 14.
Rc3 Qd7 15. Qc2 c6 16. e4 f6 17. exd5 cxd5 18. Bf4 g5 19. Bd2 Kg7 20. f4 Qd6 21. fxg5 fxg5 22. Rxf8 Kxf8 23. Qxh7 Ba6 24.
Rf3+ Bf6 25. Qh8+ Ke7 26. Qxa8 Bxd4+ 27. Kh1 Qg6 28. Qxa7+ 1-0